 Dungeon Crawl Stone Soup version 0.25.1-2-g60ff931df9 (webtiles) character file.

Game seed: 16367555472758815970

180 funkygono the Conjurer (level 5, -8/38 HPs)
             Began as a Draconian Conjurer on Sept 18, 2020.
             Was an Initiate of Vehumet.
             Engulfed by a cloud of flame (24 damage)
             ... on level 3 of the Dungeon on Sept 19, 2020.
             The game lasted 00:06:41 (3393 turns).

funkygono the Conjurer (Draconian Conjurer)         Turns: 3393, Time: 00:06:42

Health: -8/38      AC:  9    Str: 11    XL:     5   Next: 33%
Magic:  9/9        EV: 12    Int: 16    God:    Vehumet [......]
Gold:   85         SH:  0    Dex: 11    Spells: 7/10 levels left

rFire    . . .     SeeInvis .   d - -2 whip (curse)
rCold    . . .     Gourm    .   (no shield)
rNeg     . . .     Faith    .   (armour unavailable)
rPois    .         Spirit   .   (helmet restricted)
rElec    .         Reflect  .   (no cloak)
rCorr    +         Harm     .   (no gloves)
MR       .....                  (no boots)
Stlth    ++........             (no amulet)
HPRegen  0.12/turn              g - ring of resist corrosion
MPRegen  0.11/turn              i - +4 ring of protection

@: no status effects
A: unfitting armour, cold-blooded, AC +5
a: Renounce Religion


You were on level 3 of the Dungeon.
You worshipped Vehumet.
Vehumet was noncommittal.
You were very hungry.

You visited 1 branch of the dungeon, and saw 3 of its levels.

You collected 85 gold pieces.

Inventory:

Hand Weapons
 d - a cursed -2 whip (weapon)
Missiles
 e - 69 stones (quivered)
Jewellery
 g - a ring of resist corrosion (left hand)
 i - a +4 ring of protection (right hand)
Wands
 l - a wand of polymorph (9)
Scrolls
 a - a scroll of amnesia
 c - a scroll of teleportation
Potions
 f - a potion of curing
 k - a potion of brilliance
 m - a potion of invisibility
Comestibles
 b - 3 rations


   Skills:
 + Level 0.1 Fighting
 + Level 0.6 Maces & Flails
 + Level 2.7 Dodging
 - Level 2.0 Stealth
 * Level 3.1 Spellcasting
 * Level 5.4 Conjurations


You had 7 spell levels left.
You knew the following spells:

 Your Spells              Type           Power        Failure   Level  Hunger
a - Magic Dart            Conj           ###.         1%          1    #......
b - Searing Ray           Conj           ###...       3%          2    ##.....

Your spell library contained the following spells:

 Spells                   Type           Power        Failure   Level  Hunger
 Dazzling Flash           Conj/Hex       ##....       19%         3    ###....
 Fulminant Prism          Conj/Hex       ##........   52%         4    #####..
 Iskenderun's Mystic Bla  Conj/Tloc      ##......     52%         4    #####..


Dungeon Overview and Level Annotations

Branches:
Dungeon (3/15)

Altars:
Makhleb
Vehumet
Zin


Innate Abilities, Weirdness & Mutations

Your plain brown scales are hard. (AC +5)
You cannot fit into any form of body armour.
You are cold-blooded and may be slowed by cold attacks.


Message History

You hear the rusting of a very distant drain.
You hear the brisk rusting of a very distant drain.
You hear the brisk rusting of a very distant drain.
You are feeling very hungry.
Okay, then.
HP restored.
There is an open door here.
Found a radiant altar of Vehumet.
Really walk into a travel-excluded area?
An adder comes into view.
You hear the brisk rusting of a very distant drain.
The adder hisses angrily.
You are engulfed in blazing flames.
Ouch! That really hurt!
There is a radiant altar of Vehumet here.
You kneel at the altar of Vehumet.
Vehumet welcomes you!
You are engulfed in blazing flames.
Ouch! That really hurt!
You die...

.# ## #########
#.......# ######
#..§.§☼.# .....#
#..○@...#
.....########.......###
.>.............S○.......
#'###########.......####
#........ .............
#....##################
#....# .....# .....#


You could see an adder.

Vanquished Creatures
  A centaur (D:3)
  An adder (D:2)
  An ooze (D:2)
  3 worms
  3 dart slugs
  2 leopard geckos
  A ball python (D:2)
  A giant cockroach (D:1)
  12 goblins
  3 hobgoblins
  17 jackals
  7 bats
  A frilled lizard (D:2)
  5 kobolds
  10 rats
68 creatures vanquished.

Notes
Turn   | Place    | Note
-------+----------+-------------------------------------------
     0 | D:1      | funkygono the Draconian Conjurer began the quest for the
                  | Orb.
     0 | D:1      | Reached XP level 1. HP: 14/14 MP: 3/3
   358 | D:1      | Reached XP level 2. HP: 20/20 MP: 3/5
   362 | D:1      | Learned a level 2 spell: Searing Ray
   906 | D:1      | Reached XP level 3. HP: 26/26 MP: 3/6
  2103 | D:2      | Found a burning altar of Makhleb.
  2105 | D:2      | Found a glowing silver altar of Zin.
  2105 | D:2      | Noticed an angel
  2106 | D:2      | Noticed a blizzard demon
  2264 | D:2      | Reached XP level 4. HP: 33/33 MP: 1/7
  2361 | D:2      | Reached skill level 5 in Conjurations
  3137 | D:3      | Noticed a centaur
  3149 | D:3      | Killed a centaur
  3149 | D:3      | Reached XP level 5. HP: 11/38 MP: 2/9
  3384 | D:3      | Found a radiant altar of Vehumet.
  3393 | D:3      | Became a worshipper of Vehumet
  3393 | D:3      | Engulfed by a cloud of flame

Illustrated notes

Levels and vault maps discovered:
D:1:      minmay_arrival_widening_spiral_wide, layout_basic,
          kennysheep_another_room, dk_noncrumbling_4
D:2:      layout_basic, grunt_temple_overflow_order_and_chaos_2,
          minmay_fractal_squares_5
D:3:      layout_basic, fiery_altar_vehumet, cheibrodos_sewer_entry_bend,
          minmay_misc_feat_tiny, chequers_serial_rivers_small_3

Skill      XL: |  1  2  3  4 |
---------------+-------------+-----
Dodging        | 2 |  2.7
Conjurations   | 5 |  5.4
Stealth        | 2 |  2.0
Spellcasting   | 3 |  3.1
Fighting       | |  0.1
Maces & Flails | |  0.6

Action                   |  1- 3 |  4- 6 || total
-------------------------+-------+-------++-------
Melee: Whip              |    77 |    59 ||   136
       Tailslap          |    10 |     1 ||    11
 Cast: Magic Dart        |    94 |    35 ||   129
       Searing Ray       |     3 |     6 ||     9
  Use: Scroll            |     2 |     5 ||     7
  Eat: Chunk             |     6 |     3 ||     9
Armor: Skin              |    45 |    25 ||    70
Dodge: Dodged            |    92 |    69 ||   161
